 Dungeon Crawl Stone Soup version 0.21.1-1-g345015fe64 (webtiles) character file.

563 GotenAND the Chopper (level 7, -9/60 HPs)
             Began as a Minotaur Fighter on July 7, 2018.
             Was an Initiate of Trog.
             Shot with an arrow by a centaur (10 damage)
             ... on level 5 of the Dungeon.
             The game lasted 00:08:13 (3060 turns).

GotenAND the Chopper (Minotaur Fighter)             Turns: 3060, Time: 00:08:13

Health: -9/60      AC:  9    Str: 28    XL:     7   Next: 10%
Magic:  6/6        EV:  7    Int:  5    God:    Trog [......]
Gold:   203        SH: 10    Dex: 10    Spells: 6/6 levels left

rFire    . . .     SeeInvis .   a - +1 war axe
rCold    . . .     Gourm    .   c - +0 shield
rNeg     . . .     Faith    .   b - +0 scale mail
rPois    .         Spirit   .   (helmet restricted)
rElec    .         Reflect  .   i - +0 cloak
rCorr    .         Harm     +   (no gloves)
MR       .....                  (no boots)
Stlth    +.........             r - amulet of harm
HPRegen  0.20/turn              n - +6 ring of strength
MPRegen  0.10/turn              t - ring of stealth

@: no status effects
A: retaliatory headbutt, horns 2
a: Burn Spellbooks, Renounce Religion


You were on level 5 of the Dungeon.
You worshipped Trog.
Trog was noncommittal.
You were not hungry.

You visited 2 branches of the dungeon, and saw 6 of its levels.

You collected 203 gold pieces.

Inventory:

Hand Weapons
 a - a +1 war axe (weapon)
Armour
 b - a +0 scale mail (worn)
 c - a +0 shield (worn)
 i - a +0 cloak (worn)
Jewellery
 n - a +6 ring of strength (left hand)
 r - an amulet of harm (around neck)
 t - a ring of stealth (right hand)
Scrolls
 h - a scroll of fear
 j - a scroll of identify
 q - a scroll of enchant armour {unknown}
Potions
 d - 2 potions of might
 e - a potion of mutation {unknown}
 g - a potion of berserk rage {unknown}
 k - a potion of agility {unknown}
 l - 2 potions of flight
 o - a potion of brilliance {unknown}
 p - a potion of degeneration {unknown}
 u - 3 potions of curing
Books
 m - a book of Conjurations

   Spells                             Type                      Level
   a - Magic Dart                     Conjuration                  1
   b - Searing Ray                    Conjuration                  2
   c - Dazzling Spray                 Conjuration/Hexes            3
   d - Fulminant Prism                Conjuration/Hexes            4
   e - Force Lance                    Conjuration/Translocation    4
   f - Iskenderun's Mystic Blast      Conjuration                  4
   Trog disapproves of the use of such an item.
Comestibles
 f - 4 rations


   Skills:
 + Level 4.5 Fighting
 * Level 6.9 Axes
 * Level 6.7 Armour
 - Level 3.6 Shields


You had 6 spell levels left.
You didn't know any spells.

Dungeon Overview and Level Annotations

Branches:
Dungeon (5/15)             Temple (1/1) D:4

Altars:
Ashenzari
Cheibriados
Dithmenos
Elyvilon
Gozag
Hepliaklqana
Kikubaaqudgha
Nemelex Xobeh
Okawaru
Ru
Trog
Uskayaw
Vehumet
Wu Jian
Xom
Zin
Lugonu

Annotations:
D:4 exclusion: statue


Innate Abilities, Weirdness & Mutations

You reflexively headbutt those who attack you in melee.
You have a pair of horns on your head.


Message History

The centaur shoots an arrow.
The arrow hits you.
* * * LOW HITPOINT WARNING * * *
The gnoll hits you with a club.
* * * LOW HITPOINT WARNING * * *
The bullfrog zombie hits you but does no damage.
You block the gnoll's attack. The gnoll completely misses you.
The killer bee zombie barely misses you.
You slash the killer bee zombie!
You destroy the killer bee zombie!
Trog accepts your kill.
You slash the bullfrog zombie! You hit the gnoll.
Your shield and scale mail prevent you from hitting the gnoll.
The centaur shoots an arrow.
You block the arrow. The bullfrog zombie hits you.
* * * LOW HITPOINT WARNING * * *
You block the gnoll's attack.
The centaur shoots an arrow.
The arrow hits you.
* * * LOW HITPOINT WARNING * * *
The gnoll hits you but does no damage. You block the gnoll's attack.
The bullfrog zombie hits you but does no damage.
The centaur shoots an arrow.
The arrow hits you!
You die...

... ........#(
#.#.##.....##..#.#.
#.#...?..... ..#...
#.#..##.##.###.###.
....##.#....#.#...
########......#..#.#.#.##
...........#.......#.....
......Z##.##..........##.
!....gg(@?.........##....
.....>g.##.#.......##..##
.......###.#.............
.....[c #Z#...)...###...
....... ..........###...
....... .#........#.....
#...... #.#$.......#.#...
#...... .c..#...####.....
#.#. ###..#


You could see a centaur, 3 gnolls and a bullfrog zombie.

Vanquished Creatures
  Sigmund (D:3)
  An ogre (D:4)
  A howler monkey (D:4)
  A hound (D:4)
  A bullfrog skeleton (D:4)
  An iguana (D:4)
  2 worker ants (D:4)
  A killer bee zombie (D:5)
  6 adders
  An adder skeleton (D:4)
  2 worms (D:4)
  2 dart slugs
  2 leopard geckos
  5 orcs (D:3)
  8 giant cockroaches
  5 goblins
  8 hobgoblins
  2 jackals (D:3)
  3 kobolds
  A quokka (D:2)
  4 ball pythons
  7 bats
  2 frilled lizards (D:1)
  A leopard gecko skeleton (D:4)
  8 rats
76 creatures vanquished.

Notes
Turn   | Place    | Note
-------+----------+-------------------------------------------
     0 | D:1      | GotenAND the Minotaur Fighter began the quest for the Orb.
     0 | D:1      | Reached XP level 1. HP: 19/19 MP: 0/0
   238 | D:1      | Reached XP level 2. HP: 27/27 MP: 1/1
   734 | D:2      | Found a sacrificial altar of Ru.
   804 | D:2      | Reached XP level 3. HP: 33/33 MP: 2/2
  1059 | D:2      | Found an opulent altar of Gozag.
  1277 | D:2      | Reached XP level 4. HP: 40/40 MP: 3/3
  1419 | D:3      | Noticed Sigmund
  1428 | D:3      | Killed Sigmund
  1428 | D:3      | Reached skill level 5 in Axes
  1428 | D:3      | Reached skill level 5 in Armour
  1428 | D:3      | Reached XP level 5. HP: 40/46 MP: 4/4
  1575 | D:3      | Found a sparkling altar of Nemelex Xobeh.
  1759 | D:3      | Found an iron altar of Okawaru.
  1927 | D:4      | Reached XP level 6. HP: 49/52 MP: 5/5
  2018 | D:4      | Found a staircase to the Ecumenical Temple.
  2031 | Temple   | Entered the Ecumenical Temple
  2113 | Temple   | Became a worshipper of Trog the Wrathful
  2166 | D:4      | Found an ornate altar of the Wu Jian Council.
  2328 | D:4      | Found a hazy altar of Hepliaklqana.
  2532 | D:4      | Found a radiant altar of Vehumet.
  2602 | D:4      | Reached XP level 7. HP: 56/60 MP: 6/6
  2966 | D:5      | Entered Level 5 of the Dungeon
  3059 | D:5      | HP: 1/60 [centaur/arrow (7)]
  3060 | D:5      | Shot with an arrow by a centaur

Skill      XL: |  1  2  3  4  5  6 |
---------------+-------------------+-----
Armour         | 4 5 6 |  6.7
Axes           | 3 5 6 |  6.9
Fighting       | 4 |  4.5
Shields        | |  3.6

Action                   |  1- 3 |  4- 6 |  7- 9 || total
-------------------------+-------+-------+-------++-------
Melee: War axe           |   110 |    71 |    11 ||   192
       Headbutt          |    12 |    17 |     2 ||    31
  Use: Scroll            |       |    10 |       ||    10
       Potion            |       |     2 |       ||     2
  Eat: Chunk             |     1 |     5 |     1 ||     7
Armor: Scale mail        |    60 |    21 |    12 ||    93
Dodge: Dodged            |    33 |    23 |     8 ||    64
Block: Shield            |    56 |    40 |    17 ||   113
